 Dungeon Crawl Stone Soup version 0.30-a0-808-g6e0788376e (webtiles) character file.

Game seed: 2473413369951248777

56 Farfigtubin the Sneak (level 4, 0/26 HPs)
             Began as a Kobold Brigand on Feb 26, 2023.
             Slain by an orc wizard
             ... wielding a +0 dagger
              (4 damage)
             ... on level 3 of the Dungeon.
             The game lasted 00:24:16 (2467 turns).

Farfigtubin the Sneak (Kobold Brigand)              Turns: 2467, Time: 00:24:16

Health: 0/26       AC:  4    Str:  8    XL:     4   Next: 17%
Magic:  4/4        EV: 15    Int: 12    God:
Gold:   112        SH:  0    Dex: 18    Spells: 3/3 levels left

rFire   . . .      SeeInvis .    a - +2 dagger
rCold   . . .      Faith    .    (no shield)
rNeg    . . .      Spirit   .    b - +0 robe
rPois   .          Reflect  .    (no helmet)
rElec   .          Harm     .    c - +0 cloak
rCorr   .          Rampage  .    k - +0 pair of gloves
Will    .....                    (no boots)
Stlth   ++                       (no amulet)
HPRegen 0.24/turn                (no ring)
MPRegen 0.09/turn                (no ring)

@: confused
A: small, no large weapons, nightstalker 3
a: no special abilities


You were on level 3 of the Dungeon.
You visited 1 branch of the dungeon, and saw 4 of its levels.

You collected 124 gold pieces.
You spent 12 gold pieces at shops.

Inventory:

Hand Weapons
 a - a +2 dagger (weapon)
Missiles
 d - 9 poisoned darts (quivered)
 e - 3 curare-tipped darts
 h - 18 stones
Armour
 b - a +0 robe (worn)
 c - a +0 cloak (worn)
 k - a +0 pair of gloves (worn)
Jewellery
 n - a +6 ring of intelligence
Scrolls
 f - 2 scrolls of identify {unknown}
 g - a scroll of noise {unknown}
 j - a scroll of fog {unknown}
 l - a scroll of magic mapping {unknown}
 m - a scroll of teleportation {unknown}
 q - a scroll of amnesia {unknown}
 r - a scroll of fear {unknown}
Potions
 i - a potion of ambrosia {unknown}
 o - a potion of invisibility {unknown}
 p - a potion of lignification {unknown}


   Skills:
 - Level 2.1 Fighting
 * Level 4.3 Short Blades
 - Level 2.1 Throwing
 + Level 2.3 Dodging
 + Level 5.9 Stealth


You had 3 spell levels left.
You didn't know any spells.
Your spell library was empty.

Dungeon Overview and Level Annotations

Branches:
Dungeon (4/15)
 Temple: D:4-7

Altars:
Elyvilon

Shops:
D:2 ([!


Innate Abilities, Weirdness & Mutations

You are small and have problems with some larger weapons.
You are completely attuned to the shadows.


Message History

You bump into the rock wall.
You feel less confused. The orc wizard closely misses you.
You closely miss the orc wizard.
The orc wizard hits you with a +0 dagger.
You closely miss the orc wizard. You barely miss the orc wizard.
The orc wizard points at you and mumbles some strange words.
You resist with some effort.
You hit the orc wizard but do no damage.
Your punch misses the orc wizard. The orc wizard misses you.
You hit the orc wizard.
The orc wizard is lightly wounded.
The orc wizard closely misses you.
You hit the orc wizard but do no damage.
The orc wizard is lightly wounded.
The orc wizard misses you.
You hit the orc wizard.
The orc wizard is moderately wounded.
You hit the orc wizard.
The orc wizard is heavily wounded.
The orc wizard casts a spell.
The orc wizard flickers and vanishes!
You miss something. Something barely misses you.
You hit something but do no damage. Something hits you.
You barely miss something. You closely miss something.
You hear some strange, mumbled words.
You are confused.
You completely miss something.
You hear some strange, mumbled words.
A magic dart appears from out of thin air!
The magic dart hits you!
You hit something. Something hits you. Something hits you.
* * * LOW HITPOINT WARNING * * *
You closely miss something. Something hits you.
* * * LOW HITPOINT WARNING * * *
You bump into the rock wall.
Something hits you.
You die...

o..##.### #.# ......
... ..# #.# ...... .
...# #.# ...... .....
#)# ...... #.# ......
.o..## #.# #....o
.....# #.#
######........#######.#
#### #........#.@{..).#
...# #........#.#######
...###...####.#.#
..............#.#
..............#.#
..............#.#
...###...####.#.#
..............#.#
..............#.#


There were no monsters in sight!

Vanquished Creatures
  An adder (D:4)
  A worm (D:3)
  A dart slug (D:1)
  2 orcs (D:3)
  3 endoplasms
  4 goblins
  3 hobgoblins
  9 jackals
  2 kobolds (D:2)
  2 quokkas (D:1)
  3 ball pythons
  A bat (D:1)
  3 rats
35 creatures vanquished.

Notes
Turn   | Place    | Note
-------+----------+-------------------------------------------
     0 | D:1      | Farfigtubin the Kobold Brigand began the quest for the Orb.
     0 | D:1      | Reached XP level 1. HP: 12/12 MP: 1/1
    79 | D:1      | Found a faded altar of an unknown god.
   221 | D:3      | Found a glowing drain.
   531 | D:1      | Reached XP level 2. HP: 17/17 MP: 2/2
   863 | D:2      | Found Agrawn's Distillery.
   876 | D:2      | Bought a potion of degeneration for 12 gold pieces
   926 | D:2      | Found Paxij's Weapon Boutique.
   957 | D:2      | Reached XP level 3. HP: 19/21 MP: 3/3
  1420 | D:2      | Found Qevyemet's Armour Shoppe.
  1659 | D:3      | Found a white marble altar of Elyvilon.
  1869 | D:3      | Reached XP level 4. HP: 4/26 MP: 4/4
  2467 | D:3      | Slain by an orc wizard

Illustrated notes

Levels and vault maps discovered:
D:1:      onia_arrival_pyramid, layout_basic, dilly_ecumenical_altar_fadedgnrine
D:2:      layout_rooms, serial_shops, shop, nicolae_shop_bloodbath_and_beyond,
          shop, serial_bayou_crossing
D:3:      layout_basic, elyvilon_altar_4, portal_sewer_entry_a, uniq_robin
D:4:      layout_cave_pods, mainiacjoe_overflow_alcove_4, serial_shops, shop,
          hangedman_abyss_or_decor_passed

Skill      XL: |  1  2  3 |
---------------+----------+-----
Short Blades   | 3 4 |  4.3
Dodging        | 2 |  2.3
Fighting       | |  2.1
Throwing       | |  2.1
Stealth        | |  5.9

Action                     |  1- 3 |  4- 6 || total
---------------------------+-------+-------++-------
  Melee: Dagger            |    74 |    38 ||   112
   Stab: Sleeping          |    22 |     1 ||    23
         Distracted        |     1 |       ||     1
 Armour: Robe              |    10 |     3 ||    13
  Dodge: Dodged            |    23 |    15 ||    38

Table legend: (Time is in decaauts)
 A = Elapsed time spent in this place.
 B = Non-inter-level travel time spent in this place.
 C = Inter-level travel time spent in this place.
 D = Time resting spent in this place.
 E = Time spent auto-exploring this place.
 F = Levels seen in this place.
 G = Mean time per level.
                   A        B        C        D        E       F      G
               +--------+--------+--------+--------+--------+-----+--------+
         Total |   2456 |   2446 |     10 |    140 |    287 |   4 |  614.0 |
       Dungeon |   2456 |   2446 |     10 |    140 |    287 |   4 |  614.0 |
               +--------+--------+--------+--------+--------+-----+--------+

Top non-repeatable levels by time:
     D:1: 939 daAuts
     D:3: 882 daAuts
     D:2: 627 daAuts
     D:4: 7 daAuts
